 Dungeon Crawl Stone Soup version 0.27.1-34-g3ba077fa99 (webtiles) character file.

Game seed: 7035016523699473455

137 Gabide the Skirmisher (level 5, -2/42 HPs)
             Began as a Formicid Monk on Jan 24, 2022.
             Slain by a sky beast (5 damage)
             ... on level 3 of the Dungeon.
             The game lasted 00:13:53 (7070 turns).

Gabide the Skirmisher (Formicid Monk)               Turns: 7070, Time: 00:13:54

Health: -2/42      AC:  2    Str: 19    XL:     5   Next: 44%
Magic:  5/5        EV: 13    Int:  9    God:
Gold:   180        SH:  0    Dex: 15    Spells: 4/4 levels left

rFire    . . .     SeeInvis +   i - staff of earth
rCold    . . .     Faith    .   (no shield)
rNeg     . . .     Spirit   .   b - +1 robe
rPois    .         Reflect  .   (helmet unavailable)
rElec    .         Harm     .   (no cloak)
rCorr    .         Rampage  .   (no gloves)
Will     .....                  (no boots)
Stlth    ++........             (no amulet)
HPRegen  0.14/turn              (no ring)
MPRegen  0.09/turn              (no ring)

@: no status effects
A: permanent stasis, dig shafts and tunnels, antennae 3, four strong arms, agile
1, deformed body, strong 1
a: Dig, Shaft Self


You were on level 3 of the Dungeon.
You visited 1 branch of the dungeon, and saw 4 of its levels.

You collected 180 gold pieces.

Inventory:

Armour
 b - a +1 robe (worn)
Magical Staves
 i - a staff of earth (weapon)
Scrolls
 d - a scroll of magic mapping
Potions
 c - a potion of cancellation


   Skills:
 + Level 3.7 Fighting
 - Level 3.2(3.5) Maces & Flails
 * Level 1.9(2.8) Staves
 + Level 3.6 Dodging
 + Level 3.3 Stealth
 * Level 1.0 Earth Magic
 * Level 1.3 Evocations


You had 4 spell levels left.
You didn't know any spells.
Your spell library was empty.

Dungeon Overview and Level Annotations

Branches:
Dungeon (4/15)
 Temple: D:4-7

Altars:
Sif Muna

Shops:
D:3 (


Innate Abilities, Weirdness & Mutations

You cannot be hasted, slowed, berserked, paralysed or teleported.
You can dig through walls and to a lower floor.
You have a pair of large antennae on your head. (SInv)
Your four strong arms can wield two-handed weapons with a shield.
You are agile. (Dex +2)
Armour fits poorly on your strangely shaped body.
Your muscles are strong. (Str +2)


Message History

Press: ? - help, Q - select action, (/) - cycle Shift-Dir - straight line, f/p - sky beast
Aim: a sky beast (severely wounded, slightly transparent, 48% to hit)
You throw a javelin.
The javelin pierces through the sky beast.
The sky beast is almost dead.
The sky beast closely misses you.
Throw: 2 javelins
Press: ? - help, Q - select action, (/) - cycle Shift-Dir - straight line, f/p - sky beast
Aim: a sky beast (almost dead, slightly transparent, 48% to hit)
You throw a javelin. The javelin misses the sky beast.
The sky beast hits you.
* * * LOW HITPOINT WARNING * * *
The sky beast shocks you.
* * * LOW HITPOINT WARNING * * *
The sky beast hits you but does no damage.
Throw: javelin
Press: ? - help, Q - select action, (/) - cycle Shift-Dir - straight line, f/p - sky beast
Aim: a sky beast (almost dead, slightly transparent, 48% to hit)
You throw a javelin.
The javelin pierces through the sky beast.
The sky beast is almost dead.
The sky beast closely misses you.
Okay, then.
Unknown command.
You barely miss the sky beast.
The sky beast is almost dead.
The sky beast flickers out of sight for a moment.
The sky beast barely misses you.
You hit the sky beast but do no damage.
The sky beast is almost dead.
The sky beast closely misses you.
You closely miss the sky beast.
The sky beast is almost dead.
The sky beast hits you but does no damage.
You barely miss the sky beast.
The sky beast is almost dead.
The sky beast hits you.
* * * LOW HITPOINT WARNING * * *
The sky beast shocks you.
You die...

...# #..##.#
######## .###
##.##.# #....[.. ##
#.##.# #.......
#.##.# ##.......
#..#.# #####........
##.#.# #......).....
#...####.#..........
##..[....#.##.......
#.@.....#.##.......
#Y......#.##.......
#########.###.#####
#.# #...... #.#
####### #.# # #.# #
#.# # #.# #


You could see a sky beast (invisible).

Vanquished Creatures
  3 gnolls
  4 adders
  3 dart slugs
  4 orcs (D:3)
  4 endoplasms
  A giant cockroach (D:2)
  5 goblins
  8 hobgoblins
  3 quokkas
  4 ball pythons
  6 bats
  A frilled lizard (D:3)
  13 kobolds
  6 rats
65 creatures vanquished.

Notes
Turn   | Place    | Note
-------+----------+-------------------------------------------
     0 | D:1      | Gabide the Formicid Monk began the quest for the Orb.
     0 | D:1      | Reached XP level 1. HP: 18/18 MP: 1/1
   555 | D:1      | Reached XP level 2. HP: 24/24 MP: 2/2
   942 | D:1      | Found a faded altar of an unknown god.
  1169 | D:1      | Reached XP level 3. HP: 29/29 MP: 3/3
  2885 | D:2      | Reached XP level 4. HP: 19/35 MP: 4/4
  3266 | D:2      | Reached skill level 1 in Staves
  3355 | D:2      | Found a shimmering blue altar of Sif Muna.
  4207 | D:3      | Found Foostrie's Weapon Emporium.
  4257 | D:3      | Reached skill level 1 in Evocations
  4660 | D:2      | Gained mutation: You are agile. (Dex +2) [potion of
                  | mutation]
  4660 | D:2      | Gained mutation: Armour fits poorly on your strangely
                  | shaped body. [potion of mutation]
  4660 | D:2      | Gained mutation: Your muscles are strong. (Str +2) [potion
                  | of mutation]
  4662 | D:2      | HP: 1/35 [gnoll (9)]
  4669 | D:2      | Reached XP level 5. HP: 2/41 MP: 5/5
  5185 | D:1      | HP: 2/41 [gnoll (5)]
  6187 | D:3      | HP: 2/41 [bat (1)]
  6191 | D:3      | Reached skill level 1 in Earth Magic
  6823 | D:4      | Noticed a sky beast
  7070 | D:3      | Slain by a sky beast

Illustrated notes

Levels and vault maps discovered:
D:1:      dpeg_arrival_three_bigger_balls, layout_loops_ring,
          shapermc_ecumenical_altar_venn, serial_co_window_serial,
          co_window_cross_1, co_window_corner_a, co_window_of_opportunity_a,
          co_window_paths_b, co_window_paths_a, co_window_broadway_b,
          co_window_cross_4, co_window_2corner, co_window_of_opportunity_b,
          co_window_unsneaky_path_c, co_window_unsneaky_path_b,
          co_window_paths_e
D:2:      layout_loops_corners, basic_altar, kennysheep_generic_room_9
D:3:      layout_basic, serial_shops, shop
D:4:      minmay_razor_zed, layout_gridville, mainiacjoe_overflow_boulevard

Skill      XL: |  1  2  3  4  5 |
---------------+----------------+-----
Dodging        | 3 |  3.6
Staves         | 1 |  1.9
Stealth        | 3 |  3.3
Evocations     | 1 |  1.3
Earth Magic    | 1 |  1.0
Fighting       | |  3.7
Maces & Flails | |  3.2

Action                   |  1- 3 |  4- 6 || total
-------------------------+-------+-------++-------
Melee: Mace              |    66 |       ||    66
       Staff             |    75 |   218 ||   293
Throw: Throwing net      |       |     2 ||     2
       Javelin           |       |    15 ||    15
 Abil: Dig               |       |     2 ||     2
  Use: Scroll            |     5 |     5 ||    10
       Potion            |     1 |     3 ||     4
 Stab: Sleeping          |     7 |     6 ||    13
       Held in net/web   |       |     1 ||     1
Armor: Robe              |    24 |    59 ||    83
Dodge: Dodged            |   105 |   180 ||   285
